 Dungeon Sprint DCSS version 0.31.0-11-ge490571c62 (webtiles) character file.

Game seed: 7154753735444522627

138 boopmooplesden the Protected (level 7, -8/69 HPs)
             Began as an Armataur Fighter on Feb 1, 2024.
             Was an Initiate of Trog.
             Mangled by a black mamba (9 damage)
             ... in the Dungeon (Sprint VI: "Thunderdome").
             The game lasted 00:02:52 (535 turns).

boopmooplesden the Protected (Armataur Fighter)      Turns: 535, Time: 00:02:52

Health: -8/69      AC:  8    Str: 22    XL:     7   Next: 63%
Magic:  7/7        EV:  9    Int: 13    God:    Trog [......]
Gold:   265        SH:  7    Dex: 17    Spells: 6/6 levels left

rFire   . . .        a - +0 long sword
rCold   . . .        c - +0 buckler
rNeg    + . .        b - +0 scale mail
rPois   .            (no helmet)
rElec   +            (no cloak)
rCorr   .            (no gloves)
SInv    +            (no barding)
Will    +....        q - amulet of Xakkai {RegenMP rElec Regen+ Int+2} Stlth
                     o - ring of Comiec {Int+3 Dex+6 SInv}
HPRegen 1.11/turn    p - ring "Eckefuq" {rN+ Will+}
MPRegen 0.50/turn

%: no teleportation, roll
@: lethally poisoned (-8 -> -30)
A: large, deformed body, tough skin 3, armoured tail, roll 2
a: Renounce Religion


You were in the Dungeon.
You worshipped Trog.
Trog was noncommittal.
You visited 1 branch You collected 400 gold pieces.
You spent 135 gold pieces at shops.

Inventory:

Hand Weapons
 a - a +0 long sword (weapon)
Armour
 b - a +0 scale mail (worn)
 c - a +0 buckler (worn)
Jewellery
 o - the ring of Comiec (left hand) {Int+3 Dex+6 SInv}
   (You bought it in a shop in the Dungeon)

   [ring of dexterity]

   Int+3:     It affects your intelligence (+3).
   Dex+6:     It affects your dexterity (+6).
   SInv:      It lets you see invisible.
 p - the ring "Eckefuq" (right hand) {rN+ Will+}
   (You bought it in a shop in the Dungeon)

   [ring of positive energy]

   rN+:       It protects you from negative energy.
   Will+:     It increases your willpower.
 q - the amulet of Xakkai (around neck) {RegenMP rElec Regen+ Int+2}
   (You bought it in a shop in the Dungeon)

   [amulet of magic regeneration]

   RegenMP:   It increases your rate of magic regeneration.
   Int+2:     It affects your intelligence (+2).
   rElec:     It insulates you from electricity.
   Regen+:    It increases your rate of health regeneration.
Wands
 l - a wand of acid (5)
 m - a wand of iceblast (5)
Scrolls
 j - 4 scrolls of blinking
 n - 3 scrolls of fog
Potions
 e - a potion of curing
 f - 2 potions of heal wounds
 g - 4 potions of haste
 h - 2 potions of magic
 i - a potion of berserk rage
 k - a potion of resistance


   Skills:
 + Level 8.4 Fighting
 + Level 7.6 Long Blades
 + Level 10.7 Armour
 + Level 2.3 Dodging
 + Level 9.4 Shields


You had 6 spell levels left.
You didn't know any spells.
Your spell library was empty.

Dungeon Overview and Level Annotations

Branches:
Dungeon (1/1)

Altars:
Cheibriados
Dithmenos
Fedhas
Gozag
Kikubaaqudgha
Makhleb
Okawaru
Qazlal
Ru
Sif Muna
Trog
Uskayaw
Vehumet
Wu Jian
Xom
Yredelemnul
Zin
The Shining One
Lugonu

Shops:
D *[=??*?*:[((!!!!


Innate Abilities, Weirdness & Mutations

Armour fits poorly on your strangely shaped body.
You have extremely tough skin. (AC +3)
You have a long armoured tail.
You regenerate magic and health when rolling toward enemies. (Rampage Regen)


Message History

The black mamba bites you.
A water moccasin comes into view.
The black mamba completely misses you.
You feel very sick.
The water moccasin hisses angrily.
You block the adder's attack.
The black mamba bites you but does no damage.
You feel very sick. You block the adder's attack. The adder closely misses you.
You feel sick.
The black mamba attacks as it pursues you!
The black mamba closely misses you. The water moccasin bites you.
The black mamba barely misses you.
You closely miss the water moccasin.
You feel sick. You block the black mamba's attack.
The water moccasin bites you but does no damage.
The black mamba bites you but does no damage.
The water moccasin barely misses you.
You barely miss the water moccasin.
You feel sick. The black mamba bites you!
* * * LOW HITPOINT WARNING * * *
The water moccasin completely misses you.
You block the black mamba's attack.
You hit the water moccasin.
Your tail-slap misses the water moccasin.
The water moccasin is lightly wounded.
You feel sick.
The water moccasin completely misses you.
The black mamba bites you.
* * * LOW HITPOINT WARNING * * *
You are lethally poisoned!
The black mamba poisons you! You block the black mamba's attack.
The water moccasin bites you!
* * * LOW HITPOINT WARNING * * *
You are more poisoned.
The water moccasin poisons you!
* * * LOW HITPOINT WARNING * * *
You feel extremely sick.
The water moccasin bites you but does no damage.
The black mamba bites you!
You die...

######.8.†.......8.######
##∩___....†.###......_._∩##
##∩....†...8.# #.8........∩###
.............###.............#
.........(###...###..........⌠
........[.# #.<.# #..........⌠
..........###...###..........⌠
...........[.###SS...........#
##∩........8.# #@8........∩###
##∩_._......###......___∩##
######.8.).......8.######
#⌠...........⌠#
###...[.....### #_..)...._#
#_......._# #........_#
#∩.......∩#


You could see a black mamba and a water moccasin.

Vanquished Creatures
  Sigmund (D)
  2 hell hounds (D)
  3 wolves (D)
  A bombardier beetle (D)
  2 hounds (D)
  Jessica (D)
  3 iguanas (D)
  Terence (D)
  An orc (D)
  2 kobolds (D)
17 creatures vanquished.

Notes
Turn   | Place    | Note
-------+----------+-------------------------------------------
     0 | D        | boopmooplesden the Armataur Fighter began the quest for the
                  | Orb.
     0 | D        | Reached XP level 1. HP: 18/18 MP: 1/1
     0 | D        | Found a sacrificial altar of Ru.
     0 | D        | Found a shimmering blue altar of Sif Muna.
     3 | D        | Found an ancient bone altar of Kikubaaqudgha.
     3 | D        | Found a snail-covered altar of Cheibriados.
     4 | D        | Found an ornate altar of the Wu Jian Council.
     4 | D        | Found an iron altar of Okawaru.
     5 | D        | Found a corrupted altar of Lugonu.
     5 | D        | Found an opulent altar of Gozag.
     5 | D        | Round 1.
     6 | D        | Found Pofavore's Timeless Talismans.
     6 | D        | Found Ymutt's Identification Station.
     7 | D        | Found Hirgh's Jewellery.
     7 | D        | Found Ytiabrio's Advanced Armour.
    15 | D        | Bought a sparkling wooden ring for 45 gold pieces
    15 | D        | Identified the ring of Comiec {Int+3 Dex+6 SInv} (You
                  | bought it in a shop in the Dungeon)
    15 | D        | Bought a sparkling copper ring for 45 gold pieces
    15 | D        | Identified the ring "Eckefuq" {rN+ Will+} (You bought it in
                  | a shop in the Dungeon)
    15 | D        | Bought an ancient silver amulet for 45 gold pieces
    15 | D        | Identified the amulet of Xakkai {RegenMP rElec Regen+
                  | Int+2} (You bought it in a shop in the Dungeon)
    27 | D        | Found a bloodstained altar of Trog.
   103 | D        | Noticed Sigmund
   107 | D        | Found a shimmering altar of Xom.
   109 | D        | Noticed a bombardier beetle
   116 | D        | Killed Sigmund
   117 | D        | Reached skill level 7 in Armour
   117 | D        | Reached XP level 2. HP: 23/30 MP: 2/2
   117 | D        | Reached XP level 3. HP: 28/37 MP: 3/3
   117 | D        | Reached XP level 4. HP: 34/44 MP: 4/4
   117 | D        | Reached XP level 5. HP: 39/50 MP: 5/5
   119 | D        | Found a basalt altar of Yredelemnul.
   119 | D        | Found a stormy altar of Qazlal.
   122 | D        | Reached skill level 8 in Armour
   122 | D        | Found a shadowy altar of Dithmenos.
   123 | D        | Found a glowing golden altar of the Shining One.
   123 | D        | Found a burning altar of Makhleb.
   124 | D        | Found Gaucaod's Do-It-Yourself Clinic.
   124 | D        | Found a hide-covered altar of Uskayaw.
   124 | D        | Found Area's Distillery.
   125 | D        | Found Ciurad's Bottled Wisdom.
   125 | D        | Found Itapp's Distillery.
   128 | D        | Found a radiant altar of Vehumet.
   130 | D        | Found a glowing silver altar of Zin.
   131 | D        | Found Ofriotus's Staff Store.
   132 | D        | Found Ywostif's Magic Scroll Shop.
   132 | D        | Found Woemarch's Must-Have Magic.
   132 | D        | Found Uzeutoe's Magic Scroll Shop.
   149 | D        | Noticed Terence
   150 | D        | Found a blossoming altar of Fedhas.
   150 | D        | Found Osilidd's Premium Goods.
   150 | D        | Found Alin's Weapon Rack.
   151 | D        | Found Wisuf's Miscellaneous Merchandise.
   151 | D        | Found Nutre's Basic Armour.
   155 | D        | Killed Terence
   155 | D        | Arena points: 12 (+12) [x2]
   198 | D        | Round 2.
   234 | D        | Reached skill level 9 in Armour
   234 | D        | Reached XP level 6. HP: 58/58 MP: 6/6
   245 | D        | Noticed Jessica
   250 | D        | Killed Jessica
   300 | D        | Arena points: 54 (+42) [x3]
   327 | D        | Round 3.
   341 | D        | Reached skill level 5 in Long Blades
   341 | D        | Reached skill level 1 in Dodging
   368 | D        | Reached skill level 10 in Armour
   370 | D        | Noticed a hell hound
   381 | D        | Gained mutation: You regenerate magic and health when
                  | rolling toward enemies. (Rampage Regen) [Armataur growth]
   381 | D        | Reached XP level 7. HP: 52/67 MP: 7/7
   401 | D        | Became a worshipper of Trog the Wrathful
   482 | D        | Arena points: 138 (+84) [x4]
   513 | D        | Round 4.
   519 | D        | Noticed a black mamba
   535 | D        | HP: 1/69 [poisoned by a water moccasin]
   535 | D        | Mangled by a black mamba

Illustrated notes

Levels and vault maps discovered:
D:        arena_sprint

Skill      XL: |  1  2  3  4  5  6  7 |
---------------+----------------------+-----
Fighting       | 6 7 8 |  8.4
Long Blades    | 3 6 7 |  7.6
Armour         | 7 9 10 | 10.7
Shields        | 7 8 9 |  9.4
Dodging        | 1 2 |  2.3

Action                     |  1- 3 |  4- 6 |  7- 9 || total
---------------------------+-------+-------+-------++-------
  Melee: Long sword        |     4 |    53 |    32 ||    89
         Tailslap          |     1 |     9 |     5 ||    15
    Use: Potion            |     1 |       |     2 ||     3
 Armour: Scale mail        |     1 |    43 |    39 ||    83
  Dodge: Dodged            |     2 |    19 |    25 ||    46
  Block: Buckler           |     1 |    19 |    15 ||    35
